 Dungeon Crawl Stone Soup version 0.31-a0-557-g6e16503903 (webtiles) character file.

Game seed: 13525135489338371408

1595 bmack86 the Cleaver (level 8, -1/64 HPs)
             Began as a Minotaur Fighter on Aug 16, 2023.
             Slain by an orc wizard
             ... wielding a +2 dagger of venom
              (3 damage)
             ... on level 6 of the Dungeon.
             The game lasted 00:10:12 (4086 turns).

bmack86 the Cleaver (Minotaur Fighter)              Turns: 4086, Time: 00:10:13

Health: -1/64      AC: 11    Str: 30    XL:     8   Next: 62%
Magic:  7/7        EV:  7    Int:  5    God:
Gold:   231        SH:  0    Dex:  9    Spells: 7/7 levels left

rFire   + + .        a - +0 war axe
rCold   + + .        c - +0 buckler
rNeg    . . .        u - +0 plate armour
rPois   +            (helmet restricted)
rElec   +            k - scarf {rC+ rF+}
rCorr   +            (no gloves)
SInv    .            (no boots)
Will    .....        (no amulet) Stlth
                     s - +6 ring of strength
HPRegen 0.30/turn    (no ring)
MPRegen 0.10/turn

%: no passive effects
@: confused, lethally poisoned (-1 -> -2), resistant
A: horns 2, retaliatory headbutt
a: no special abilities


You were on level 6 of the Dungeon.
You visited 1 branch of the dungeon, and saw 6 of its levels.

You collected 257 gold pieces.
You spent 26 gold pieces at shops.

Inventory:

Hand Weapons
 a - a +0 war axe (weapon)
Armour
 b - a +0 scale mail
 c - a +0 buckler (worn)
 k - a scarf of resistance (worn)
 u - a +0 plate armour (worn)
Jewellery
 i - an amulet of faith
 s - a +6 ring of strength (left hand)
 v - a ring of fire
Wands
 o - a wand of roots (2)
 w - a wand of flame (10) (quivered)
Scrolls
 f - a scroll of torment {unknown}
 j - 4 scrolls of enchant armour
 n - 2 scrolls of poison {unknown}
 p - a scroll of enchant weapon {unknown}
 q - a scroll of vulnerability {unknown}
 r - 2 scrolls of teleportation {unknown}
 t - a scroll of fog {unknown}
 y - a scroll of silence {unknown}
Potions
 d - a potion of mutation {unknown}
 e - 2 potions of attraction
 h - a potion of magic
 m - a potion of haste
 x - a potion of might


   Skills:
 - Level 3.6 Fighting
 + Level 12.7 Axes
 - Level 3.6 Armour
 - Level 5.0 Shields


You had 7 spell levels left.
You didn't know any spells.
Your spell library contained the following spells:

 Spells                   Type           Power      Damage    Failure   Level
 Cigotuvi's Dreadful Rot  Necr/Pois/Air  0%         N/A       100%        2
 Dazzling Flash           Conj/Hex       0%         N/A       100%        3
 Ignite Poison            Fire/Tmut/Pois 0%         N/A       100%        3
 Stone Arrow              Conj/Erth      0%         3d7       100%        3
 Animate Armour           Summ/Erth      0%         N/A       100%        4
 Agony                    Necr           0%         N/A       100%        5
 Freezing Cloud           Conj/Ice/Air   0%         6-21      100%        5
 Silence                  Hex/Air        0%         N/A       100%        5
 Lehudib's Crystal Spear  Conj/Erth      0%         10d2      100%        8


Dungeon Overview and Level Annotations

Branches:
Dungeon (6/15)
 Temple: D:4-7

Altars:
Elyvilon
Sif Muna
Uskayaw

Shops:
D:1 *   D:2 !


Innate Abilities, Weirdness & Mutations

You have a pair of horns on your head.
You reflexively headbutt those who attack you in melee.


Message History

You closely miss the orc.
You feel sick. Something hits you but does no damage.
The orc hits you with a +0 war axe.
* * * LOW HITPOINT WARNING * * *
Unknown command.
You feel better. Something hits you but does no damage.
You are poisoned.
The orc barely misses you. You furiously retaliate!
You headbutt the orc!
You kill the orc!
You feel better. Something hits you but does no damage.
You are poisoned.
You feel better. The orc hits you with a +0 morningstar.
Something hits you but does no damage.
You are poisoned.
You feel protected.
You feel very sick. The orc barely misses you. Something hits you.
You barely miss something. You closely miss the orc.
You feel sick. The orc hits you with a +0 morningstar.
* * * LOW HITPOINT WARNING * * *
Something hits you.
* * * LOW HITPOINT WARNING * * *
You miss something. Your headbutt misses something. You hit the orc.
You feel sick. You block the orc's attack.
You hear some strange, mumbled words.
A magic dart appears from out of thin air!
The magic dart hits you but does no damage.
Unknown command.
You closely miss something. Your headbutt misses something.
You closely miss the orc.
You feel sick. The orc closely misses you.
You hear some strange, mumbled words.
You are confused.
You slash the orc!
You kill the orc!
You miss something.
You feel sick.
Unknown command.
You feel sick. Something hits you.
* * * LOW HITPOINT WARNING * * *
* * * LOW HITPOINT WARNING * * *
You feel sick. The orc hits you but does no damage. Something hits you.
You die...

..............
..........# ######
..........# .....#
..........### .._..
..........#.. #...
..........#.# #..
..........#.# #.#
..........#.###o###.#
...............{@...#
..........#.###.#####
.##########.# #.#
.#### #.# #.#
....#######.###.#
.............>#.#
###.#######.#.#.#
....#######.#†#.#
............#.#.#


You could see an orc.

Vanquished Creatures
  The ghost of Heh the Changeling, an amateur OpSh (D:3)
  A black bear (D:5)
  2 orc warriors
  An ice beast (D:6)
  3 ogres
  A gnoll sergeant (D:5)
  7 scorpions
  An orc priest (D:5)
  A hound (D:5)
  2 iguanas
  2 orc wizards
  5 gnolls (D:5)
  6 adders
  An ufetubus (D:5)
  2 worms (D:2)
  2 dart slugs (D:3)
  18 orcs
  10 bats
  4 endoplasms
  6 giant cockroaches
  6 goblins
  7 hobgoblins
  2 jackals (D:2)
  6 quokkas
  7 ball pythons
  6 frilled lizards
  8 kobolds
  7 rats
125 creatures vanquished.

Notes
Turn   | Place    | Note
-------+----------+-------------------------------------------
     0 | D:1      | bmack86 the Minotaur Fighter began the quest for the Orb.
     0 | D:1      | Reached XP level 1. HP: 19/19 MP: 0/0
   303 | D:1      | Reached XP level 2. HP: 26/26 MP: 1/1
   401 | D:1      | Found Hiph's General Store.
   585 | D:1      | Reached skill level 3 in Axes
   828 | D:1      | Bought a scroll of identify for 26 gold pieces
   855 | D:2      | Reached XP level 3. HP: 26/31 MP: 2/2
  1190 | D:2      | Reached skill level 5 in Shields
  1340 | D:2      | Found Plog's Distillery.
  1531 | D:3      | Reached skill level 4 in Axes
  1531 | D:3      | Reached XP level 4. HP: 37/39 MP: 3/3
  1636 | D:3      | Noticed Heh's ghost (amateur OpSh)
  1771 | D:3      | Found a runed translucent door.
  1903 | D:3      | Found a white marble altar of Elyvilon.
  1913 | D:3      | Reached skill level 5 in Axes
  2130 | D:3      | Killed Heh's ghost
  2131 | D:3      | Reached skill level 6 in Axes
  2131 | D:3      | Reached XP level 5. HP: 16/45 MP: 4/4
  2491 | D:4      | Noticed an ogre
  2495 | D:4      | Killed an ogre
  2496 | D:4      | Reached skill level 7 in Axes
  2496 | D:4      | Reached XP level 6. HP: 51/51 MP: 5/5
  2629 | D:5      | Entered Level 5 of the Dungeon
  2671 | D:5      | Reached skill level 8 in Axes
  2696 | D:5      | Reached XP level 7. HP: 48/57 MP: 6/6
  2826 | D:5      | Reached skill level 9 in Axes
  3205 | D:5      | Reached skill level 10 in Axes
  3258 | D:5      | Reached XP level 8. HP: 64/64 MP: 7/7
  3326 | D:5      | Reached skill level 11 in Axes
  3913 | D:6      | Reached skill level 12 in Axes
  3984 | D:6      | Found a shimmering blue altar of Sif Muna.
  4060 | D:6      | Found a hide-covered altar of Uskayaw.
  4076 | D:6      | HP: 3/64 [orc/+0 war axe (6)]
  4085 | D:6      | HP: 3/64 [something (4)]
  4086 | D:6      | Slain by an orc wizard

Illustrated notes

Levels and vault maps discovered:
D:1:      minmay_arrival_four_loops, layout_basic, serial_shops,
          nicolae_shop_crystal, minmay_hexomino_u4
D:2:      layout_loops_cross, serial_shops, shop
D:3:      layout_rooms, elyvilon_altar_5, hellmonk_ghost_happy_afterlife
D:4:      layout_rooms, corexii_hall_statues_l
D:5:      old_forge, layout_cave_pods, minmay_misc_feat_nine_boxes,
          guppyfry_early_orc_mine
D:6:      layout_basic, kennysheep_little_box, mainiacjoe_overflow_alcove_1,
          lemuel_crystal_altar, minmay_temple_entry_waves

Skill      XL: |  1  2  3  4  5  6  7  8 |
---------------+-------------------------+-----
Shields        | 4 5 |  5.0
Axes           | 3 4 6 7 8 10 12 | 12.7
Fighting       | |  3.6
Armour         | |  3.6

Action                     |  1- 3 |  4- 6 |  7- 9 || total
---------------------------+-------+-------+-------++-------
  Melee: War axe           |    89 |    78 |   137 ||   304
         Headbutt          |     9 |     6 |    20 ||    35
  Evoke: Wand              |       |       |     4 ||     4
    Use: Scroll            |     3 |     3 |       ||     6
         Potion            |       |     1 |     4 ||     5
 Armour: Scale mail        |    53 |    43 |     4 ||   100
         Plate armour      |       |       |    67 ||    67
  Dodge: Dodged            |    50 |    39 |    49 ||   138
  Block: Buckler           |    11 |    12 |    32 ||    55

Table legend: (Time is in decaauts)
 A = Elapsed time spent in this place.
 B = Non-inter-level travel time spent in this place.
 C = Inter-level travel time spent in this place.
 D = Time resting spent in this place.
 E = Time spent auto-exploring this place.
 F = Levels seen in this place.
 G = Mean time per level.
                   A        B        C        D        E       F      G
               +--------+--------+--------+--------+--------+-----+--------+
         Total |   4134 |   3976 |    158 |      0 |   2787 |   6 |  689.0 |
       Dungeon |   4134 |   3976 |    158 |      0 |   2787 |   6 |  689.0 |
               +--------+--------+--------+--------+--------+-----+--------+

Top non-repeatable levels by time:
     D:5: 1276 daAuts
     D:1: 849 daAuts
     D:3: 760 daAuts
     D:2: 689 daAuts
     D:4: 378 daAuts
     D:6: 179 daAuts
